 Dungeon Crawl Stone Soup version 0.27.1-1-g398f81649c (webtiles) character file.

Game seed: 3537970229406887750

37 MajorAdolf the Sneak (level 3, -12/32 HPs)
             Began as a Naga Wanderer on Sept 9, 2021.
             Mangled by an ogre (18 damage)
             ... on level 4 of the Dungeon.
             The game lasted 00:02:06 (2234 turns).

MajorAdolf the Sneak (Naga Wanderer)                Turns: 2234, Time: 00:02:06

Health: -12/32     AC:  2    Str: 15    XL:     3   Next: 39%
Magic:  3/3        EV:  9    Int: 12    God:
Gold:   33         SH:  0    Dex: 10    Spells: 2/2 levels left

rFire    . . .     SeeInvis +   k - +2 dagger (drain)
rCold    . . .     Faith    .   (no shield)
rNeg     . . .     Spirit   .   e - +0 robe
rPois    +         Reflect  .   (no helmet)
rElec    .         Harm     .   (no cloak)
rCorr    .         Rampage  .   (no gloves)
Will     .....                  (no barding)
Stlth    +++.......             (no amulet)
HPRegen  0.10/turn              (no ring)
MPRegen  0.08/turn              (no ring)

@: short of breath, very slow
A: AC +1, large, see invisible, deformed body, poison resistance, slowness 2,
spit poison 1, naga tail 1
a: Spit Poison


You were on level 4 of the Dungeon.
You visited 1 branch of the dungeon, and saw 3 of its levels.

You collected 33 gold pieces.

Inventory:

Hand Weapons
 a - a +2 short sword
 c - a +0 shortbow
 f - a +0 dagger
 k - a +2 dagger of draining (weapon)
Missiles
 d - 48 arrows
 i - 13 poisoned darts (quivered)
Armour
 e - a +0 robe (worn)
Scrolls
 g - 5 scrolls of identify {unknown}
 h - a scroll of enchant weapon {unknown}
Potions
 b - 2 potions of curing
 j - 2 potions of heal wounds {unknown}


   Skills:
 + Level 2.0 Fighting
 + Level 2.6 Short Blades
 - Level 1.0 Bows
 - Level 1.5 Armour
 - Level 1.0 Dodging
 + Level 5.3 Stealth


You had 2 spell levels left.
You didn't know any spells.
Your spell library contained the following spells:

 Spells                   Type           Power      Damage    Failure   Level
 Corona                   Hex            0%         N/A       32%         1
 Ensorcelled Hibernation  Hex/Ice        0%         N/A       45%         2
 Tukima's Dance           Hex            0%         N/A       69%         3


Dungeon Overview and Level Annotations

Branches:
Dungeon (2/15)

Altars:


Innate Abilities, Weirdness & Mutations

Your serpentine skin is tough. (AC +1)
You have supernaturally acute eyesight. (SInv)
Armour fits poorly on your strangely shaped body.
Your system is resistant to poisons. (rPois)
You cover ground very slowly.
You can spit poison.
You have a snake-like lower body.


Message History

The endoplasm jiggles.
The frilled lizard closely misses you.
You hit the frilled lizard.
You kill the frilled lizard!
You hit the endoplasm. You drain the endoplasm.
The endoplasm is almost dead.
The endoplasm hits you but does no damage.
You hit the endoplasm but do no damage.
The endoplasm is almost dead.
The endoplasm closely misses you.
You hit the endoplasm.
You kill the endoplasm!
You start waiting.
Done waiting.
Unknown command.
No target in view!
You see here a +0 short sword.
Found an escape hatch in the floor.
There is an open door here.
There is an escape hatch in the floor here.
Found a coppery potion.
You fall into a shaft and drop 2 floors!
The shaft crumbles and collapses.
An ogre comes into view. It is wielding a +0 giant club.
The ogre shouts!
Press: ? - help, Shift-Dir - straight line, f - ogre
Aim: an ogre, wielding a +0 giant club The splash of poison hits the ogre!
The ogre is poisoned.
The ogre is moderately wounded.
The ogre hits you with a +0 giant club!!
Ouch! That really hurt!
* * * LOW HITPOINT WARNING * * *
Okay, then.
You hit the ogre. You drain the ogre.
The ogre is heavily wounded.
You hit the ogre. You drain the ogre.
The ogre is severely wounded.
The ogre hits you with a +0 giant club!!
Ouch! That really hurt!
You die...

# .#
#######..#
#........#
#........#
#.@O.....#
#........#
#........#
###.######
.# ##


You could see an ogre (poisoned, drained).

Vanquished Creatures
  An adder (D:2)
  A dart slug (D:1)
  4 ball pythons
  4 endoplasms
  A giant cockroach (D:2)
  A goblin (D:2)
  A quokka (D:2)
  3 bats (D:1)
  5 frilled lizards
  3 kobolds
  2 rats (D:1)
26 creatures vanquished.

Notes
Turn   | Place    | Note
-------+----------+-------------------------------------------
     0 | D:1      | MajorAdolf the Naga Wanderer began the quest for the Orb.
     0 | D:1      | MajorAdolf set off with the following items: a +2 short
                  | sword, a potion of curing, a +0 shortbow, 25 arrows, a +0
                  | robe, a +0 dagger
     0 | D:1      | Reached XP level 1. HP: 18/18 MP: 1/1
   750 | D:1      | Reached XP level 2. HP: 25/25 MP: 2/2
  1166 | D:1      | Reached skill level 5 in Stealth
  1801 | D:2      | Reached XP level 3. HP: 32/32 MP: 3/3
  2230 | D:2      | You fall into a shaft and drop 2 floors!
  2230 | D:4      | Noticed an ogre
  2234 | D:4      | Mangled by an ogre

Illustrated notes

Levels and vault maps discovered:
D:1:      zelgadis_glass_arrival_large, layout_basic, kennysheep_minor_cross,
          minmay_misc_feat_nine_boxes
D:2:      layout_basic, hellmonk_ecumenical_altar_crossroads
D:4:      layout_rooms, mainiacjoe_overflow_concentric_impassable,
          dk_noncrumbling_3, nicolae_shop_overcharged_wands, uniq_sigmund,
          uniq_eustachio, uniq_grinder

Skill      XL: |  1  2  3 |
---------------+----------+-----
Stealth        | 5 |  5.3
Fighting       | 2 |  2.0
Short Blades   | |  2.6
Bows           | |  1.0
Armour         | |  1.5
Dodging        | |  1.0

Action                   || total
-------------------------++-------
Melee: Short sword       ||    35
       Dagger            ||    11
Throw: Dart              ||     9
 Abil: Spit Poison       ||    19
 Stab: Sleeping          ||     1
Armor: Robe              ||    22
Dodge: Dodged            ||    31
